 Dungeon Sprint DCSS version 0.31-a0-344-gd109795599 (webtiles) character file.

Game seed: 3889746877961595008

440 dialectric the Fighter (level 7, 0/51 HPs)
             Began as a Gargoyle Fighter on July 21, 2023.
             Was an Initiate of Trog.
             Slain by a slime creature (11 damage)
             ... in the Dungeon (Sprint I: "Red Sonja").
             The game lasted 00:01:22 (159 turns).

dialectric the Fighter (Gargoyle Fighter)            Turns: 159, Time: 00:01:23

Health: 0/51       AC: 13    Str: 20    XL:     7   Next: 2%
Magic:  7/7        EV: 10    Int:  8    God:    Trog [......]
Gold:   259        SH:  0    Dex: 11    Spells: 6/6 levels left

rFire   . . .        a - +0 long sword
rCold   . . .        (no shield)
rNeg    + . .        b - +0 scale mail
rPois   ∞            (no helmet)
rElec   +            (no cloak)
rCorr   .            (no gloves)
SInv    .            (no boots)
Will    .....        (no amulet) Stlth
                     (no ring)
HPRegen 0.28/turn    (no ring)
MPRegen 0.10/turn

%: no teleportation
@: on berserk cooldown
A: sickness immunity, AC +4, negative energy resistance 1, electricity
resistance, torment resistance 1, petrification resistance
a: Renounce Religion


You were in the Dungeon.
You worshipped Trog.
Trog was noncommittal.
You visited 1 branch You collected 259 gold pieces.

Inventory:

Hand Weapons
 a - a +0 long sword (weapon)
Armour
 b - a +0 scale mail (worn)
 c - a +0 buckler
Wands
 d - a wand of charming (5)
 e - a wand of polymorph (6)
Scrolls
 f - a scroll of identify {unknown}
 j - 2 scrolls of blinking
Potions
 g - a potion of haste
 h - 2 potions of magic


   Skills:
 + Level 9.3 Fighting
 + Level 6.1 Long Blades
 + Level 9.1 Armour
 + Level 0.4 Dodging
 + Level 8.1 Shields


You had 6 spell levels left.
You didn't know any spells.
Your spell library was empty.

Dungeon Overview and Level Annotations

Branches:
Dungeon (1/1)

Altars:
Cheibriados
Dithmenos
Elyvilon
Fedhas
Gozag
Hepliaklqana
Kikubaaqudgha
Makhleb
Nemelex Xobeh
Okawaru
Qazlal
Ru
Sif Muna
Trog
Uskayaw
Vehumet
Wu Jian
Xom
Yredelemnul
Zin
The Shining One
Jiyva
Lugonu

Shops:
D (


Innate Abilities, Weirdness & Mutations

You are immune to sickness and miasma.
Your stone body is resilient. (AC +4)
You are immune to poison.
You resist negative energy. (rN+)
You are resistant to electric shocks. (rElec)
You are resistant to unholy torment.
You are immune to petrification.


Message History

The slime creature easily resists.
The slime creature hits you but does no damage.
Unknown command.
Unknown command.
Aiming: Charm
Press: ? - help, Shift-Dir - straight line, f/p - slime creature
Aim: a slime creature (chance to affect: 31%)
The slime creature easily resists.
The slime creature closely misses you.
Unknown command.
Unknown command.
Aiming: Charm
Press: ? - help, Shift-Dir - straight line, f/p - slime creature
Aim: a slime creature (chance to affect: 31%)
The slime creature easily resists.
The slime creature hits you!
Unknown command.
Aiming: Charm
Press: ? - help, Shift-Dir - straight line, f/p - slime creature
Aim: a slime creature (chance to affect: 31%)
The slime creature easily resists.
The slime creature hits you but does no damage.
Unknown command.
Unknown command.
Aiming: Polymorph
Press: ? - help, Shift-Dir - straight line, f/p - slime creature
Aim: a slime creature (will become a wyvern, a glowing orange brain, or an ettin, chance to affect: 31%)
The slime creature easily resists.
The slime creature hits you!
* * * LOW HITPOINT WARNING * * *
Unknown command.
Unknown command.
Aiming: Polymorph
Press: ? - help, Shift-Dir - straight line, f/p - slime creature
Aim: a slime creature (will become a wyvern, a glowing orange brain, or an ettin, chance to affect: 31%)
The slime creature easily resists.
The slime creature hits you but does no damage.
Unknown command.
Unknown command.
Okay, then.
The slime creature attacks as you move away!
The slime creature hits you!
You die...

###################
#<.#..').#.)'..#J_#
#..)..#..'..#..@..+
#..#####+#####'#__#
#..#### #...#.####
#..#__####..##.#
#..#_____##'#_.+
#⌠⌠#_.∩...†..._#
####_..__##_.#'#
#_____###+#.#
####### ###


You could see a slime creature.

Vanquished Creatures
  Sigmund (D)
  A yak (D)
  An ogre (D)
  A jelly (D)
  Ijyb (D)
5 creatures vanquished.

Notes
Turn   | Place    | Note
-------+----------+-------------------------------------------
     0 | D        | dialectric the Gargoyle Fighter began the quest for the
                  | Orb.
     0 | D        | Reached XP level 1. HP: 14/14 MP: 1/1
     8 | D        | Noticed Ijyb
    24 | D        | Killed Ijyb
    25 | D        | Reached XP level 2. HP: 20/20 MP: 2/2
    25 | D        | Reached XP level 3. HP: 25/25 MP: 3/3
    30 | D        | Noticed an ogre
    33 | D        | Killed an ogre
    34 | D        | Reached skill level 5 in Shields
    34 | D        | Reached XP level 4. HP: 20/32 MP: 4/4
    37 | D        | Noticed Sigmund
    41 | D        | Killed Sigmund
    42 | D        | Reached XP level 5. HP: 22/39 MP: 5/5
    42 | D        | Reached XP level 6. HP: 25/44 MP: 6/6
    52 | D        | Found an ornate altar of the Wu Jian Council.
    52 | D        | Found a shimmering blue altar of Sif Muna.
    54 | D        | Found a radiant altar of Vehumet.
   113 | D        | Found Jeim's Antique Weapon Emporium.
   113 | D        | Found an ancient bone altar of Kikubaaqudgha.
   113 | D        | Found a hazy altar of Hepliaklqana.
   113 | D        | Found a stormy altar of Qazlal.
   113 | D        | Found a hide-covered altar of Uskayaw.
   113 | D        | Found a blossoming altar of Fedhas.
   113 | D        | Found a bloodstained altar of Trog.
   113 | D        | Found an iron altar of Okawaru.
   113 | D        | Found a basalt altar of Yredelemnul.
   113 | D        | Found a glowing golden altar of the Shining One.
   113 | D        | Found a snail-covered altar of Cheibriados.
   113 | D        | Found a sacrificial altar of Ru.
   113 | D        | Found a glowing silver altar of Zin.
   113 | D        | Found a shadowy altar of Dithmenos.
   113 | D        | Found a white marble altar of Elyvilon.
   113 | D        | Noticed a yak
   125 | D        | Killed a yak
   126 | D        | Reached XP level 7. HP: 50/51 MP: 7/7
   126 | D        | Found an opulent altar of Gozag.
   127 | D        | Found a sparkling altar of Nemelex Xobeh.
   131 | D        | Became a worshipper of Trog the Wrathful
   150 | D        | Found a burning altar of Makhleb.
   150 | D        | Found a shimmering altar of Xom.
   150 | D        | Noticed a slime creature
   151 | D        | Found a viscous altar of Jiyva.
   151 | D        | Found a corrupted altar of Lugonu.
   159 | D        | Slain by a slime creature

Illustrated notes

Levels and vault maps discovered:
D:        dungeon_sprint_1 [red_sonja_temple_1, red_sonja_temple_small_1]

Skill      XL: |  1  2  3  4  5  6 |
---------------+-------------------+-----
Fighting       | 4 6 8 9 |  9.3
Long Blades    | 2 3 4 6 |  6.1
Armour         | 4 6 8 9 |  9.1
Shields        | 4 5 7 8 |  8.1
Dodging        | |  0.4

Action                     |  1- 3 |  4- 6 |  7- 9 || total
---------------------------+-------+-------+-------++-------
  Melee: Long sword        |    17 |    21 |       ||    38
         Punch             |     1 |       |       ||     1
  Evoke: Wand              |       |       |     7 ||     7
    Use: Potion            |     2 |     2 |       ||     4
 Armour: Scale mail        |     6 |     6 |     3 ||    15
  Dodge: Dodged            |     5 |     9 |     2 ||    16

Table legend: (Time is in decaauts)
 A = Elapsed time spent in this place.
 B = Non-inter-level travel time spent in this place.
 C = Inter-level travel time spent in this place.
 D = Time resting spent in this place.
 E = Time spent auto-exploring this place.
 F = Levels seen in this place.
 G = Mean time per level.
                   A        B        C        D        E       F      G
               +--------+--------+--------+--------+--------+-----+--------+
         Total |    174 |    174 |      0 |      4 |      0 |   1 |  174.0 |
       Dungeon |    174 |    174 |      0 |      4 |      0 |   1 |  174.0 |
               +--------+--------+--------+--------+--------+-----+--------+

Top non-repeatable levels by time:
       D: 174 daAuts
